 Dungeon Crawl Stone Soup version 0.30-a0-457-g4b7bca3bfa (webtiles) character file.

Game seed: 16167869104312029426

19300 Jackthecabe the Skirmisher (level 12, -1/91 HPs)
             Began as a Demigod Conjurer on Dec 12, 2022.
             Slain by a black mamba (13 damage)
             ... on level 2 of the Lair of Beasts.
             The game lasted 00:41:56 (18010 turns).

Jackthecabe the Skirmisher (Demigod Conjurer)      Turns: 18010, Time: 00:41:56

Health: -1/91      AC:  8    Str:  8    XL:     12   Next: 8%
Magic:  1/21       EV: 16    Int: 42    God:
Gold:   893        SH:  0    Dex: 12    Spells: 2/19 levels left

rFire   . . .      SeeInvis .    e - +1 dagger (pain)
rCold   . . .      Faith    .    (no shield)
rNeg    . . .      Spirit   .    a - +0 robe
rPois   .          Reflect  .    u - +0 helmet
rElec   .          Harm     .    p - +0 cloak
rCorr   .          Rampage  .    O - +2 pair of gloves
Will    +....                    x - +0 pair of boots
Stlth   ++........               g - amulet of regeneration
HPRegen 1.15/turn                E - +4 ring of evasion
MPRegen 0.17/turn                I - +6 ring of intelligence

@: lethally poisoned (-1 -> -7)
A: high MP 1, forlorn, divine attributes
a: no special abilities


You were on level 2 of the Lair of Beasts.
You visited 2 branches of the dungeon, and saw 13 of its levels.
You also visited: Ossuary.

You collected 924 gold pieces.
You spent 31 gold pieces at shops.


Innate Abilities, Weirdness & Mutations

You have an increased reservoir of magic. (+10% MP)
You shall have no god before yourself.
Your divine heritage dramatically boosts your attributes as you level up.


   Skills:
 - Level 4.0 Fighting
 + Level 11.3 Ranged Weapons
 - Level 1.7 Dodging
 - Level 1.7 Stealth
 - Level 4.0 Spellcasting
 - Level 7.0 Conjurations
 - Level 6.0 Hexes
 - Level 8.0 Summonings
 - Level 8.0 Translocations


You had 2 spell levels left.
You knew the following spells:

 Your Spells              Type           Power      Damage    Failure   Level
f - Fulminant Prism       Conj/Hex       29%        3d13      1%          4
m - Magic Dart            Conj           100%       1d8       1%          1
s - Searing Ray           Conj           100%       2d8       1%          2
v - Summon Mana Viper     Hex/Summ       61%        N/A       4%          5
S - Summon Forest         Summ/Tloc      33%        N/A       3%          5

Your spell library contained the following spells:

 Spells                   Type           Power      Damage    Failure   Level
 Apportation              Tloc           100%       N/A       1%          1
 Summon Small Mammal      Summ           100%       N/A       1%          1
 Necrotise                Necr           32%        1d5       2%          1
 Sandblast                Erth           16%        2d6       2%          1
 Passwall                 Tmut/Erth      6%         N/A       4%          2
 Dazzling Flash           Conj/Hex       100%       N/A       1%          3
 Stone Arrow              Conj/Erth      74%        3d11      1%          3
 Iskenderun's Mystic Bla  Conj/Tloc      63%        2d13      1%          4
 Passage of Golubria      Tloc           66%        N/A       1%          4
 Summon Ice Beast         Ice/Summ       42%        N/A       5%          4
 Summon Cactus Giant      Summ           33%        N/A       16%         6
 Silence                  Hex/Air        16%        N/A       22%         5
 Yara's Violent Unravell  Hex/Tmut       16%        3d8       22%         5
 Animate Dead             Necr           8%         N/A       28%         4
 Olgreb's Toxic Radiance  Pois           8%         N/A       28%         4
 Alistair's Intoxication  Tmut/Pois      5%         N/A       61%         5
 Borgnjor's Vile Clutch   Necr/Erth      4%         N/A       61%         5
 Monstrous Menagerie      Summ           33%        N/A       65%         7
 Enfeeble                 Hex            28%        N/A       90%         7
 Death Channel            Necr           4%         N/A       99%         6
 Ozocubu's Refrigeration  Ice            4%         4d8       100%        7
 Ignition                 Fire           4%         3d4       100%        8
 Lehudib's Crystal Spear  Conj/Erth      18%        10d6      100%        8

Inventory:

Hand Weapons
 e - a +1 dagger of pain (weapon)
   (You found it on level 1 of the Dungeon)
 H - a -2 hand crossbow
   (You bought it in a shop on level 5 of the Dungeon)
Missiles
 Q - 3 throwing nets {=f!f}
 V - a curare-tipped dart {=f}
Armour
 a - a +0 robe (worn)
 p - a +0 cloak (worn)
   (You found it on level 2 of the Dungeon)
 u - a +0 helmet (worn)
   (You found it on level 3 of the Dungeon)
 x - a +0 pair of boots (worn)
   (You found it on level 3 of the Dungeon)
 y - the +4 ring mail "Uric" {Int+3 SInv}
   (You found it on level 4 of the Dungeon)

   Int:       It affects your intelligence (+3).
   SInv:      It lets you see invisible.
 O - a +2 pair of gloves (worn)
   (You found it on level 6 of the Dungeon)
Jewellery
 g - an amulet of regeneration (around neck)
   (You found it on level 1 of the Dungeon)
 B - an amulet of reflection
   (You took it off a goblin on level 4 of the Dungeon)
 D - a +6 ring of dexterity
   (You found it on level 11 of the Dungeon)
 E - a +4 ring of evasion (left hand)
   (You took it off a gnoll sergeant on level 8 of the Dungeon)
 G - an amulet of guardian spirit
   (You took it off a gnoll bouda on level 5 of the Dungeon)
 I - a +6 ring of intelligence (right hand)
   (You found it on level 11 of the Dungeon)
 R - a ring of resist corrosion
   (You found it on level 2 of the Dungeon)
 S - a +6 ring of strength
   (You found it on level 10 of the Dungeon)
Wands
 k - a wand of iceblast (13)
   (You took it off a gnoll on level 5 of the Dungeon)
 l - a wand of flame (16)
   (You took it off Jessica on level 2 of the Dungeon)
 q - a wand of digging (2)
   (You found it on level 2 of the Dungeon)
 W - a wand of charming (10)
   (You took it off an orc on level 8 of the Dungeon)
 Z - a wand of light (3)
   (You found it on level 10 of the Dungeon)
Scrolls
 c - 2 scrolls of fear
 h - 5 scrolls of vulnerability {!r!r}
 i - 2 scrolls of fog
 m - 6 scrolls of teleportation {@r4}
 o - 3 scrolls of magic mapping {!r}
 t - a scroll of torment {unknown}
 w - a scroll of enchant weapon {unknown}
 F - 4 scrolls of blinking {!r}
 J - 2 scrolls of immolation {!r!r}
 K - a scroll of acquirement {unknown}
 L - a scroll of butterflies {unknown}
 N - a scroll of amnesia
 P - 3 scrolls of poison {!r}
 X - a scroll of silence {unknown}
Potions
 b - 5 potions of mutation {!q}
 d - a potion of ambrosia {unknown}
 f - 5 potions of flight
 j - 2 potions of might {unknown}
 n - 3 potions of berserk rage {unknown}
 r - 5 potions of cancellation {unknown}
 s - a potion of invisibility {unknown}
 v - a potion of curing {@q1}
 z - 5 potions of haste {unknown}
 A - 4 potions of heal wounds {unknown}
 T - a potion of brilliance {unknown}
 Y - a potion of resistance {unknown}
Miscellaneous
 U - a tin of tremorstones (2/2)
   (You found it on level 10 of the Dungeon)

Dungeon Overview and Level Annotations

Branches:
Dungeon (11/15) Zot: 24945  Temple (0/1) D:5            Lair (1/5) D:10 Zot: 11586
Ossuary (visited)
    Orc: D:9-12

Shops:
D:3 *   D:4 *   D:5 *   D:7 :

Annotations:
D:6 1 runed translucent door, Sigmund; ytrimaz's ghost, novice MeFi
D:10 1 runed translucent door
D:11 1 runed translucent door, lotum's ghost, journeyman GrMo

#.......#
#.......#
##.†.†...#
#........#
#........#
#.†.†....##
#..†......#
##.......##
#@S.....#
##†......#
#.†.§....#
#........#
#..††.†..#
#.........#
................
.................
..................


You could see a black mamba.


Message History

The black mamba closely misses you.
The black mamba bites you but does no damage.
Your mana viper bites the black mamba. 😮 HP[-8]
You take 8 damage, and now have 66/91 hp.
You closely miss the black mamba.
You feel extremely sick.
The black mamba bites you but does no damage.
The cane toad stings your mana viper.
Your mana viper is poisoned.
The cane toad poisons your mana viper!
Your mana viper completely misses the black mamba.
The black mamba barely misses you. 😮 HP[-6]
You take 6 damage, and now have 60/91 hp.
Unknown command.
You miss the black mamba.
You feel very sick.
Your mana viper bites the black mamba!!
The cane toad stings your mana viper. The black mamba bites you!
* * * LOW HITPOINT WARNING * * *
Your mana viper closely misses the cane toad.
The cane toad stings your mana viper!
The black mamba completely misses you. 😨 HP[-17]
You take 17 damage, and now have 43/91 hp.
Unknown command.
You hit the black mamba.
You feel very sick. The black mamba barely misses you.
Your mana viper bites the cane toad!
The cane toad misses your mana viper. 😨 HP[-3]
You take 3 damage, and now have 40/91 hp.
Unknown command.
You hit the black mamba but do no damage.
You feel very sick. The black mamba bites you!
* * * LOW HITPOINT WARNING * * *
Your mana viper bites the cane toad but does no damage.
The black mamba closely misses you. The cane toad stings your mana viper!
Your mana viper looks as sick as possible!
The cane toad poisons your mana viper!
Your mana viper bites the cane toad! 😨 HP[-17] MP[+1]
You take 17 damage, and now have 23/91 hp.
Unknown command.
You feel better. The black mamba bites you.
* * * LOW HITPOINT WARNING * * *
The cane toad closely misses your mana viper.
Your mana viper bites the cane toad!!
The cane toad dies!
The black mamba misses you. 😨 HP[+9]
You regained 9 hp, and now have 32/91 hp.
Casting: Summon Mana Viper (dangerous; 4% risk of failure)
Confirm with . or Enter, or press ? or * to list all spells.
You don't have enough magic to cast this spell.
Casting: Summon Mana Viper (dangerous; 4% risk of failure)
Confirm with . or Enter, or press ? or * to list all spells.
Aiming: Magic Dart (safe; 1% risk of failure)
Press: ? - help, Shift-Dir - straight line, f - black mamba
Aim: a black mamba (severely wounded, ally target, 100% to hit)
The magic dart hits the black mamba!
The black mamba bites you!
* * * LOW HITPOINT WARNING * * *
Your mana viper misses the black mamba.
The black mamba misses you. 😱 HP[-10] MP[-1]
You take 10 damage, and now have 22/91 hp.
You lost 1 mp, and now have 0/21 mp.
Unknown command.
You hit the black mamba but do no damage.
Your mana viper barely misses the black mamba.
The black mamba bites you!
* * * LOW HITPOINT WARNING * * *
Your mana viper misses the black mamba.
The black mamba barely misses you. 😱 HP[-6]
You take 6 damage, and now have 16/91 hp.
Unknown command.
You hit the black mamba but do no damage.
Your mana viper dies!
Your mana viper disappears in a puff of smoke!
The black mamba bites you but does no damage. 😱 HP[+1] Unknown command.
Okay, then.
Okay, then.
Aiming: Bolt of Light
Press: ? - help, Shift-Dir - straight line, f/p - black mamba
Aim: a black mamba (severely wounded, 53% to hit)
The bolt of light misses the black mamba.
The black mamba bites you.
* * * LOW HITPOINT WARNING * * *
You are poisoned.
The black mamba poisons you!
The black mamba completely misses you. 😱 HP[-1]
You take 1 damage, and now have 16/91 hp.
Aiming: Bolt of Light
Press: ? - help, Shift-Dir - straight line, f/p - black mamba
Aim: a black mamba (blue smoke, severely wounded, 53% to hit)
The bolt of light misses the black mamba.
You feel very sick. The black mamba bites you!
You die...

Skill      XL: |  1  2  3  4  5  6  7  8  9 10 11 12 |
---------------+-------------------------------------+-----
Spellcasting   | 2 3 4 |  4.0
Conjurations   | 4 5 6 7 |  7.0
Hexes          | 1 2 4 6 |  6.0
Fighting       | 2 4 |  4.0
Ranged Weapons | 6 10 11 | 11.3
Summonings     | 1 8 |  8.0
Translocations | 1 8 |  8.0
Dodging        | |  1.7
Stealth        | |  1.7

Action                   |  1- 3 |  4- 6 |  7- 9 | 10-12 || total
-------------------------+-------+-------+-------+-------++-------
Melee: Dagger            |       |     2 |    67 |   108 ||   177
       Punch             |       |       |     1 |     1 ||     2
Throw: Dart              |       |       |     2 |     2 ||     4
 Cast: Magic Dart        |    82 |   206 |   188 |   100 ||   576
       Searing Ray       |       |    10 |    88 |    56 ||   154
       Fulminant Prism   |       |       |     1 |    36 ||    37
       Summon Mana Viper |       |       |       |    32 ||    32
       Summon Forest     |       |       |       |     3 ||     3
Evoke: Wand              |       |       |     3 |     4 ||     7
  Use: Scroll            |       |     3 |     4 |     8 ||    15
       Potion            |       |       |     4 |     5 ||     9
 Stab: Distracted        |       |       |       |     2 ||     2
Armor: Robe              |       |     6 |    71 |    98 ||   175
       Ring mail         |       |     4 |       |       ||     4
Dodge: Dodged            |     3 |    23 |   169 |   200 ||   395

Levels and vault maps discovered:
D:1:      dpeg_arrival_three_same_balls, layout_basic, hex_large,
          minmay_surrounded
D:2:      layout_basic, hellmonk_ecumenical_altar_crossroads, dk_noncrumbling_2,
          minmay_misc_feat_more_columns, serial_park_tiny_pond, uniq_jessica,
          uniq_natasha
D:3:      layout_loops_ring, grunt_temple_overflow_open, serial_shops,
          shop_coins, hangedman_abyss_or_decor_stabs, hangedman_decor_points
D:4:      layout_basic, nicolae_yredelemnul_corpse_copse,
          overflow_temple_1_default, eat_drink_and_be_merry_uskayaw,
          serial_shops, shop, chequers_serial_rivers_small_3,
          minmay_pentomino_pile
D:5:      layout_basic, nicolae_ashenzari_panopticon,
          nicolae_ru_sacrificial_ziggurat, minmay_temple_entry_nine_rooms,
          enter_ossuary_2, st_stairs_2, minmay_shop_damaged,
          guppyfry_early_orc_mine
D:6:      layout_loops_corners, tso_oasis_becter, lemuel_crystal_altar,
          hellmonk_ghost_happy_afterlife, uniq_sigmund
D:7:      layout_cave_pools, nicolae_overflow_crystal_walls, serial_shops, shop,
          kennysheep_decorative_pillar, kennysheep_flooded_box
D:8:      layout_cave_pools, mainiacjoe_overflow_tiny_flanked,
          nicolae_qazlal_style_of_elements
D:9:      layout_basic, amcnicky_altar_gilded, tgw_xom, kennysheep_kite_vault
D:10:     layout_stronghold, marbit_many_paths, erik_lair_dragon,
          lightli_church_of_beogh
D:11:     layout_rooms, ebering_ghost_inner_flame,
          ebering_dispersal_statue_hall, uniq_grum
Lair:1:   layout_loops_ring
Lair:2:   layout_big_grid, minmay_swamp_entry_worms,
          minmay_snake_entry_six_corridors

Notes
Turn   | Place    | Note
-------+----------+-------------------------------------------
     0 | D:1      | Jackthecabe the Demigod Conjurer began the quest for the
                  | Orb.
     0 | D:1      | Reached XP level 1. HP: 14/14 MP: 5/5
     0 | D:1      | magus.rc [v1.11.4]
   109 | D:1      | Reached skill level 2 in Spellcasting
   322 | D:1      | Reached XP level 2. HP: 20/20 MP: 4/7
   353 | D:1      | Learned a level 2 spell: Searing Ray
   536 | D:1      | Reached skill level 4 in Conjurations
   889 | D:1      | Reached XP level 3. HP: 26/26 MP: 6/9
  1301 | D:2      | Noticed Jessica
  1325 | D:2      | Killed Jessica
  1385 | D:2      | Reached skill level 3 in Spellcasting
  1385 | D:2      | Reached XP level 4. HP: 32/33 MP: 2/11
  1474 | D:2      | Learned a level 4 spell: Fulminant Prism
  1842 | D:2      | Reached skill level 1 in Hexes
  1916 | D:2      | You pick up a book of Party Tricks and begin reading...
  1916 | D:2      | You add the spells Apportation and Alistair's Intoxication
                  | to your library.
  2172 | D:2      | Noticed Natasha
  2179 | D:2      | Killed Natasha
  2180 | D:2      | Reached XP level 5. HP: 38/38 MP: 4/12
  2192 | D:2      | Reached skill level 5 in Conjurations
  2782 | D:3      | Found Huhusyak's General Store.
  2802 | D:3      | Bought a potion of degeneration for 10 gold pieces
  2802 | D:3      | Bought a scroll of identify for 20 gold pieces
  2923 | D:3      | Reached skill level 2 in Hexes
  3626 | D:4      | Found Ohiuta's Assorted Antiques.
  3699 | D:4      | Reached XP level 6. HP: 30/45 MP: 0/13
  3725 | D:4      | Identified the +4 ring mail "Uric" {Int+3 SInv}
  3844 | D:4      | Reached skill level 3 in Hexes
  4441 | D:4      | Reached skill level 6 in Conjurations
  4867 | D:5      | Entered Level 5 of the Dungeon
  4884 | D:5      | Reached skill level 4 in Hexes
  4959 | D:5      | Reached XP level 7. HP: 50/50 MP: 7/14
  4971 | D:5      | Found Lichumed's Lightly-Used Armoury.
  4978 | D:5      | Bought a -2 hand crossbow for 1 gold piece
  5151 | D:5      | Reached skill level 5 in Hexes
  5427 | D:5      | Reached skill level 6 in Hexes
  5427 | D:5      | Reached skill level 1 in Fighting
  5513 | D:5      | Found a sand-covered staircase.
  5520 | Ossuary  | Entered an ossuary
  5685 | Ossuary  | Reached skill level 2 in Fighting
  6155 | D:5      | Reached XP level 8. HP: 46/61 MP: 0/15
  6422 | D:5      | Reached skill level 7 in Conjurations
  6557 | D:5      | Found a staircase to the Ecumenical Temple.
  6677 | D:5      | You pick up a book of Cantrips and begin reading...
  6677 | D:5      | You add the spells Necrotise and Summon Small Mammal to
                  | your library.
  6738 | D:5      | You pick up a book of Conjurations and begin reading...
  6808 | D:5      | Reached skill level 1 in Ranged Weapons
  6951 | D:6      | Reached skill level 2 in Ranged Weapons
  7121 | D:6      | Noticed Sigmund
  7253 | D:6      | Reached skill level 3 in Ranged Weapons
  7442 | D:6      | Reached skill level 4 in Ranged Weapons
  7709 | D:6      | Reached skill level 5 in Ranged Weapons
  7931 | D:6      | Found a runed translucent door.
  7931 | D:6      | Noticed ytrimaz's ghost (novice MeFi)
  8659 | D:7      | Reached skill level 6 in Ranged Weapons
  8781 | D:7      | Found Weicuhio's Book Emporium.
  8798 | D:7      | Reached XP level 9. HP: 67/67 MP: 8/16
  9134 | D:7      | You pick up a book of Cantrips and begin reading...
  9150 | D:7      | Reached skill level 7 in Ranged Weapons
  9670 | D:7      | HP: 16/67 [killer bee (1)]
  9671 | D:7      | HP: 5/67 [killer bee (7)]
  9676 | D:7      | HP: 6/67 [poisoned by a killer bee]
  9677 | D:7      | Reached skill level 8 in Ranged Weapons
  9681 | D:7      | HP: 7/67 [poisoned by a killer bee]
  9759 | D:8      | You pick up a book of Geomancy and begin reading...
  9759 | D:8      | You add the spells Sandblast, Passwall and Stone Arrow to
                  | your library.
 10652 | D:8      | Reached skill level 9 in Ranged Weapons
 10737 | D:8      | You pick up a book of Misfortune and begin reading...
 10737 | D:8      | You add the spells Yara's Violent Unravelling and Enfeeble
                  | to your library.
 10749 | D:8      | You pick up a book of the Wilderness and begin reading...
 10749 | D:8      | You add the spells Summon Forest, Summon Mana Viper and
                  | Summon Cactus Giant to your library.
 10756 | D:8      | Learned a level 5 spell: Summon Mana Viper
 10917 | D:8      | You add the spells Olgreb's Toxic Radiance, Ozocubu's
                  | Refrigeration and Ignition to your library.
 11334 | D:9      | Noticed a boulder beetle
 11345 | D:9      | HP: 4/67 [boulder beetle (16)]
 11357 | D:9      | HP: 11/67 [boulder beetle (6)]
 11358 | D:9      | Killed a boulder beetle
 11482 | D:9      | Reached skill level 10 in Ranged Weapons
 11482 | D:9      | Reached skill level 1 in Summonings
 11488 | D:9      | Reached XP level 10. HP: 67/73 MP: 6/17
 11535 | D:9      | Reached skill level 2 in Summonings
 11615 | D:9      | You pick up a book of Unlife and begin reading...
 11615 | D:9      | You add the spells Animate Dead, Borgnjor's Vile Clutch and
                  | Death Channel to your library.
 11854 | D:9      | You pick up a book of the Moon and begin reading...
 11854 | D:9      | You add the spells Passage of Golubria, Silence and
                  | Lehudib's Crystal Spear to your library.
 11980 | D:9      | Noticed a two-headed ogre
 11989 | D:9      | Killed a two-headed ogre
 11990 | D:9      | Reached skill level 4 in Summonings
 12130 | D:9      | You pick up a book of Beasts and begin reading...
 12130 | D:9      | You add the spells Summon Ice Beast and Monstrous Menagerie
                  | to your library.
 12255 | D:9      | Reached skill level 5 in Summonings
 12599 | D:9      | Reached skill level 6 in Summonings
 12969 | D:9      | Reached skill level 7 in Summonings
 13212 | D:10     | Entered Level 10 of the Dungeon
 13572 | D:10     | Reached skill level 8 in Summonings
 13768 | D:10     | HP: 18/73 [wyvern (7)]
 13862 | D:10     | Reached skill level 4 in Spellcasting
 13868 | D:10     | Learned a level 5 spell: Summon Forest
 13900 | D:10     | Found a staircase to the Lair.
 14062 | D:10     | You pick up a book of the Moon and begin reading...
 14076 | D:10     | Reached skill level 1 in Translocations
 14077 | D:10     | Reached XP level 11. HP: 45/79 MP: 3/20
 14081 | D:10     | Reached skill level 2 in Translocations
 14345 | D:10     | Reached skill level 3 in Translocations
 14678 | D:10     | Noticed a centaur warrior
 14755 | D:10     | Killed a centaur warrior
 14756 | D:10     | Reached skill level 4 in Translocations
 14837 | D:10     | Reached skill level 5 in Translocations
 14854 | D:10     | HP: 19/79 [yak (6)]
 14855 | D:10     | HP: 9/79 [yak (12)]
 14865 | D:10     | HP: 7/79 [yak (12)]
 14866 | D:10     | HP: 1/79 [yak (8)]
 14871 | D:10     | HP: 5/79 [yak (8)]
 15209 | D:10     | Found a runed translucent door.
 15558 | D:11     | HP: 9/79 [centaur/arrow (12)]
 15629 | D:10     | Reached skill level 6 in Translocations
 15785 | D:10     | HP: 17/79 [yak (13)]
 15792 | D:10     | HP: 11/79 [yak (4)]
 16116 | D:11     | Noticed Grum
 16276 | D:11     | Killed Grum
 16676 | D:11     | Reached skill level 7 in Translocations
 16821 | D:11     | Found a runed translucent door.
 16852 | D:11     | Noticed a stone giant
 16853 | D:11     | Noticed lotum's ghost (journeyman GrMo)
 17347 | Lair:1   | Entered Level 1 of the Lair of Beasts
 17464 | Lair:1   | Reached skill level 8 in Translocations
 17569 | Lair:1   | Reached skill level 3 in Fighting
 17653 | Lair:1   | Reached skill level 4 in Fighting
 17822 | Lair:1   | You fall into a shaft and drop 1 floor!
 17980 | Lair:2   | Reached XP level 12. HP: 85/91 MP: 1/21
 17983 | Lair:2   | Reached skill level 11 in Ranged Weapons
 18006 | Lair:2   | HP: 22/91 [black mamba (11)]
 18010 | Lair:2   | Slain by a black mamba

Vanquished Creatures
  A boulder beetle (D:9)
  A centaur warrior (D:10)
  A two-headed ogre (D:9)
  A cane toad (Lair:1)
  2 komodo dragons
  3 trolls
  3 shadows (D:9)
  2 wyverns (D:9)
  15 yaks
  Grum (D:11)
  A basilisk (D:10)
  A steam dragon (D:10)
  2 acid dragons (D:9)
  3 water moccasins
  6 orc warriors
  An ice beast (D:5)
  A black bear (D:7)
  2 sky beasts
  13 wolves
  5 centaurs
  2 kobold brigands
  A phantom (D:6)
  A gnoll sergeant (D:8)
  3 scorpions
  4 bullfrogs
  A necrophage (D:6)
  11 wights
  10 killer bees
  A nameless horror (D:11)
  6 howler monkeys
  2 centaur zombies (Ossuary)
  4 hounds
  A human zombie (Ossuary)
  5 jellies
  A gnoll bouda (D:5)
  6 orc priests
  Jessica (D:2)
  4 iguanas
  6 orc wizards
  A scorpion zombie (D:4)
  Natasha (D:2)
  3 mummies (Ossuary)
  8 adders
  20 gnolls
  2 white imps (D:7)
  4 adder zombies (D:4)
  3 worms
  4 dart slugs
  31 orcs
  7 ball pythons
  5 bats
  6 endoplasms
  7 giant cockroaches
  A gnoll zombie (Ossuary)
  10 goblins
  6 hobgoblins
  12 jackals
  8 quokkas
  9 frilled lizards
  3 goblin zombies (Ossuary)
  9 kobolds
  An orc zombie (Ossuary)
  12 rats
308 creatures vanquished.

Vanquished Creatures (collateral kills)
  A cyclops (D:11)
  3 elephants (Lair:2)
  A black mamba (Lair:1)
  2 cane toads
  2 komodo dragons
  A polar bear (Lair:2)
  A wyvern (D:10)
  10 yaks
  2 basilisks (D:10)
  3 vampire mosquitoes (D:10)
  6 water moccasins
  A centaur (D:11)
  5 wolves
  A gnoll sergeant (D:10)
  3 bullfrogs
  A killer bee (D:10)
  A gnoll (D:10)
44 creatures vanquished.

Vanquished Creatures (others)
  37 fulminant prisms
  7 fungi (Lair:2)
  18 plants
62 creatures vanquished.

Grand Total: 414 creatures vanquished

Table legend:
 A = Non-vault XP
 B = Vault XP
 C = Vault XP percentage of total XP
 D = Non-vault monster count
 E = Vault monster count
 F = Vault count percentage of total count
                 A         B        C        D         E       F
            +---------+---------+-------+---------+---------+-------
      Total |   22221 |    5351 |  19.4 |     288 |      63 |  17.9
            +---------+---------+-------+---------+---------+-------
        D:1 |      52 |       2 |   3.7 |      31 |       1 |   3.1
        D:2 |     121 |      70 |  36.6 |      28 |       2 |   6.7
        D:3 |     112 |       0 |   0.0 |      34 |       0 |   0.0
        D:4 |     344 |      76 |  18.1 |      24 |       8 |  25.0
        D:5 |     551 |     394 |  41.7 |      21 |      10 |  32.3
        D:6 |     833 |       0 |   0.0 |      12 |       0 |   0.0
        D:7 |    1454 |       0 |   0.0 |      22 |       0 |   0.0
        D:8 |     994 |       0 |   0.0 |      24 |       0 |   0.0
        D:9 |    2923 |    2265 |  43.7 |      10 |      18 |  64.3
       D:10 |    5929 |    1741 |  22.7 |      38 |       9 |  19.1
       D:11 |    1249 |     317 |  20.2 |       6 |       2 |  25.0
     Lair:1 |    3628 |       0 |   0.0 |      21 |       0 |   0.0
     Lair:2 |    4031 |     289 |   6.7 |      17 |       2 |  10.5
    Ossuary |       0 |     197 | 100.0 |       0 |      11 | 100.0
            +---------+---------+-------+---------+---------+-------

Illustrated notes

Table legend:
 A = Kills in this place as a percentage of kills in entire the game.
 B = Kills by you in this place as a percentage of kills by you in the entire game.
 C = Kills by friends in this place as a percentage of kills by friends in the entire game.
 D = Other kills in this place as a percentage of other kills in the entire game.
 E = Experience gained in this place as a percentage of experience gained in the entire game.
 F = Experience gained in this place divided by the number of levels of this place that you have seen.
                   A       B       C       D       E      F
               +-------+-------+-------+-------+-------+----------------------
         Total | 100.0 | 100.0 | 100.0 |   N/A | 100.0 | 1969.4
       Dungeon |  85.5 |  92.2 |  38.6 |   N/A |  70.5 | 1766.1
          Lair |  11.4 |   4.2 |  61.4 |   N/A |  28.8 | 3974.0
       Ossuary |   3.1 |   3.6 |   0.0 |   N/A |   0.7 | 197.0
               +-------+-------+-------+-------+-------+----------------------

Table legend: (Time is in decaauts)
 A = Elapsed time spent in this place.
 B = Non-inter-level travel time spent in this place.
 C = Inter-level travel time spent in this place.
 D = Time resting spent in this place.
 E = Time spent auto-exploring this place.
 F = Levels seen in this place.
 G = Mean time per level.
                   A        B        C        D        E       F      G
               +--------+--------+--------+--------+--------+-----+--------+
         Total |  18031 |  17490 |    541 |   2991 |  11849 |  14 | 1287.9 |
       Dungeon |  17016 |  16482 |    534 |   2955 |  11182 |  11 | 1546.9 |
          Lair |    413 |    407 |      6 |     36 |    189 |   2 |  206.5 |
       Ossuary |    601 |    601 |      0 |      0 |    478 |   1 |  601.0 |
               +--------+--------+--------+--------+--------+-----+--------+

Top non-repeatable levels by time:
    D:10: 3673 daAuts
     D:9: 2004 daAuts
     D:7: 1813 daAuts
     D:5: 1471 daAuts
     D:6: 1396 daAuts
     D:4: 1278 daAuts
     D:1: 1276 daAuts
     D:3: 1170 daAuts
     D:8: 1145 daAuts
     D:2: 1143 daAuts
    D:11: 642 daAuts
 Ossuary: 601 daAuts
  Lair:1: 224 daAuts
  Lair:2: 188 daAuts
